 Dungeon Crawl Stone Soup version 0.30-a0-4-ga7cffc901d (webtiles) character file.

Game seed: 12899283760761398609

1353 drpainis the Magician (level 8, 0/37 HPs)
             Began as a Spriggan Conjurer on Aug 21, 2022.
             Slain by a hornet (6 damage)
             ... while paralysed by a hornet
             ... on level 7 of the Dungeon.
             The game lasted 00:17:54 (13733 turns).

drpainis the Magician (Spriggan Conjurer)          Turns: 13733, Time: 00:17:54

Health: 0/37       AC:  4    Str:  3    XL:     8   Next: 36%
Magic:  26/29      EV:  4    Int: 21    God:
Gold:   311        SH:  0    Dex: 14    Spells: 10/22 levels left

rFire   . . .      SeeInvis +    o - +1 short sword (venom)
rCold   . . .      Faith    .    (no shield)
rNeg    . . .      Spirit   .    a - +0 robe
rPois   .          Reflect  .    (helmet restricted)
rElec   .          Harm     .    E - +1 cloak {Will+}
rCorr   .          Rampage  .    (gloves unavailable)
Will    ++...                    (boots unavailable)
Stlth   +++.......               (no amulet)
HPRegen 0.12/turn                p - ring of magical power
MPRegen 0.21/turn                (no ring)

@: paralysed, lethally poisoned (0 -> -9), slowed, very quick
A: very small, no large weapons, unfitting armour, see invisible, speed 3
a: no special abilities


You were on level 7 of the Dungeon.
You visited 1 branch of the dungeon, and saw 7 of its levels.

You collected 311 gold pieces.

Inventory:

Hand Weapons
 f - a +0 dagger
 o - a +1 short sword of venom (weapon)
Missiles
 t - a throwing net
Armour
 a - a +0 robe (worn)
 d - a scarf of harm
 E - a +1 cloak of willpower (worn)
Jewellery
 p - a ring of magical power (left hand)
 G - an amulet of magic regeneration
Wands
 x - a wand of flame (15)
 z - a wand of mindburst (18)
 D - a wand of light (2)
Scrolls
 e - 2 scrolls of enchant armour {unknown}
 i - a scroll of silence {unknown}
 j - 3 scrolls of teleportation {unknown}
 k - 2 scrolls of magic mapping {unknown}
 l - 2 scrolls of poison {unknown}
 n - 5 scrolls of identify {unknown}
 q - a scroll of noise {unknown}
 r - a scroll of vulnerability {unknown}
 w - a scroll of fear {unknown}
 y - 2 scrolls of immolation {unknown}
 A - 3 scrolls of fog {unknown}
 B - 2 scrolls of amnesia {unknown}
 C - a scroll of enchant weapon {unknown}
Potions
 b - a potion of magic
 c - a potion of degeneration {unknown}
 g - a potion of cancellation {unknown}
 h - 2 potions of attraction {unknown}
 m - 7 potions of curing {unknown}
 s - 2 potions of might {unknown}
 u - a potion of mutation {unknown}
 v - a potion of brilliance {unknown}
 F - a potion of haste {unknown}


   Skills:
 + Level 1.3 Fighting
 + Level 4.8 Dodging
 + Level 5.8 Stealth
 + Level 7.6 Spellcasting
 + Level 5.7 Conjurations
 + Level 1.3 Hexes
 + Level 0.2 Air Magic
 + Level 0.5 Poison Magic
 + Level 0.5 Evocations


You had 10 spell levels left.
You knew the following spells:

 Your Spells              Type           Power      Damage    Failure   Level
a - Magic Dart            Conj           100%       1d8       1%          1
b - Searing Ray           Conj           64%        2d6       1%          2
c - Dazzling Flash        Conj/Hex       44%        N/A       6%          3
d - Fulminant Prism       Conj/Hex       11%        3d9       19%         4
e - Poisonous Vapours     Pois/Air       18%        N/A       11%         2

Your spell library contained the following spells:

 Spells                   Type           Power      Damage    Failure   Level
 Sting                    Tmut/Pois      36%        1d4       8%          1
 Apportation              Tloc           16%        N/A       9%          1
 Ozocubu's Armour         Ice            8%         N/A       24%         3
 Iskenderun's Mystic Bla  Conj/Tloc      20%        2d6       26%         4
 Olgreb's Toxic Radiance  Pois           10%        N/A       54%         4
 Lightning Bolt           Conj/Air       10%        1d23      54%         5
 Airstrike                Air            4%         2d(1-17)  58%         4
 Summon Lightning Spire   Summ/Air       8%         N/A       61%         4
 Animate Dead             Necr           8%         N/A       63%         4
 Alistair's Intoxication  Tmut/Pois      6%         N/A       90%         5
 Haunt                    Necr/Summ      4%         N/A       100%        7
 Ozocubu's Refrigeration  Ice            4%         4d8       100%        7
 Infestation              Necr           4%         N/A       100%        8


Dungeon Overview and Level Annotations

Branches:
Dungeon (7/15)
 Temple: D:4-7

Altars:
Ashenzari
Kikubaaqudgha
Ru
Wu Jian
Xom
Zin

Annotations:
D:3 Grinder


Innate Abilities, Weirdness & Mutations

You are very small and have problems with some larger weapons.
You are too small for most types of armour.
You have supernaturally acute eyesight. (SInv)
You cover ground extremely quickly. (Speed+++)


Message History

There is a stone staircase leading down here.
You climb downwards.
There is a stone staircase leading up here.
There is a stone staircase leading up here.
Found a hand axe.
You now have 301 gold pieces (gained 7).
You see here a +0 hand axe.
n - 5 scrolls labelled AMIUCONTOWN (gained 1)
y - 2 scrolls labelled LYLIRPHAVUYS (gained 1)
m - 7 amethyst potions (gained 1)
You pick up a book of Party Tricks and begin reading...
You add the spells Apportation and Alistair's Intoxication to your library.
You now have 311 gold pieces (gained 10).
You open the door.
There is an open door here.
Found a stone staircase leading down.
B - 2 scrolls labelled WATOIKHL XANIN (gained 1)
A hornet comes into view.
A hornet is nearby!
Casting: Searing Ray (safe; 1% risk of failure)
Confirm with . or Enter, or press ? or * to list all spells.
Aiming: Searing Ray (safe; 1% risk of failure)
Press: ? - help, Shift-Dir - straight line, f - hornet
Aim: a hornet (asleep, 100% to hit)
The searing ray hits the hornet.
The hornet is lightly wounded.
The hornet buzzes angrily. (Press . to maintain the ray.)
The searing ray misses the hornet.
The hornet stings you.
You feel yourself slow down.
The searing ray hits the hornet!
The hornet is moderately wounded.
The hornet stings you!
You suddenly lose the ability to move!
The hornet closely misses you. The hornet stings you!
* * * LOW HITPOINT WARNING * * *
You are lethally poisoned!
You feel as though you will be slow longer.
The hornet stings you.
You die...

##### #...############
#...............
#...####........ ##.##
#.######. #.# #@# #.#
#.y......
#########.#####.####...
#...............#
#.##.#.#.######.#
#.##.#.#.....>..#
#.##.#..#######.#
#.##.#...# #.#
#.##..##+##


You could see a hornet.

Vanquished Creatures
  Eustachio (D:5)
  Menkaure (D:5)
  Edmund (D:5)
  An orc warrior (D:6)
  An ice beast (D:6)
  3 ogres
  A centaur (D:5)
  A scorpion (D:6)
  A jelly (D:5)
  A gnoll bouda (D:4)
  A hound (D:4)
  2 orc priests
  An orc wizard (D:5)
  3 gnolls (D:4)
  6 adders
  A shadow imp (D:5)
  2 ufetubi
  3 worms
  3 dart slugs
  27 orcs
  7 ball pythons
  7 endoplasms
  4 giant cockroaches
  3 goblins
  6 hobgoblins
  8 jackals
  5 kobolds
  A quokka (D:3)
  4 bats
  4 frilled lizards
  A rat (D:3)
111 creatures vanquished.

Vanquished Creatures (others)
  5 fulminant prisms
  3 plants (D:1)
8 creatures vanquished.

Grand Total: 119 creatures vanquished

Notes
Turn   | Place    | Note
-------+----------+-------------------------------------------
     0 | D:1      | drpainis the Spriggan Conjurer began the quest for the Orb.
     0 | D:1      | Reached XP level 1. HP: 9/9 MP: 5/5
   486 | D:1      | Reached XP level 2. HP: 13/13 MP: 2/6
   727 | D:1      | Learned a level 2 spell: Searing Ray
  2624 | D:2      | Reached skill level 3 in Spellcasting
  2624 | D:2      | Reached XP level 3. HP: 16/16 MP: 3/8
  3225 | D:2      | Found an ornate altar of the Wu Jian Council.
  4031 | D:2      | Found a faded altar of an unknown god.
  4375 | D:3      | Learned a level 3 spell: Dazzling Flash
  4671 | D:3      | Reached XP level 4. HP: 21/21 MP: 8/10
  5250 | D:3      | Noticed Grinder
  5251 | D:3      | Found a shimmering altar of Xom.
  5252 | D:3      | Paralysed by Grinder for 4 turns
  6193 | D:3      | Found a sacrificial altar of Ru.
  6193 | D:3      | Found an ornate altar of the Wu Jian Council.
  6195 | D:3      | Found an ancient bone altar of Kikubaaqudgha.
  6195 | D:3      | Found a broken altar of Ashenzari.
  6195 | D:3      | Found a glowing silver altar of Zin.
  7377 | D:4      | Reached XP level 5. HP: 5/24 MP: 2/11
  8119 | D:4      | Reached skill level 4 in Spellcasting
  9540 | D:5      | Entered Level 5 of the Dungeon
  9540 | D:5      | Noticed a centaur
  9760 | D:5      | Noticed Edmund
  9766 | D:4      | Reached XP level 6. HP: 29/29 MP: 13/13
  9839 | D:5      | Noticed Menkaure
  9848 | D:5      | Killed Menkaure
  9849 | D:5      | Reached skill level 5 in Stealth
 10024 | D:5      | Reached skill level 5 in Spellcasting
 10223 | D:5      | Noticed Eustachio
 10236 | D:5      | Killed Eustachio
 10237 | D:5      | Reached skill level 1 in Fighting
 10237 | D:5      | Reached skill level 5 in Conjurations
 10237 | D:5      | Reached XP level 7. HP: 15/33 MP: 12/16
 10971 | D:6      | Reached skill level 6 in Spellcasting
 11404 | D:6      | Reached skill level 7 in Spellcasting
 11404 | D:6      | Reached XP level 8. HP: 4/37 MP: 15/19
 12092 | D:6      | Learned a level 4 spell: Fulminant Prism
 13075 | D:6      | Learned a level 2 spell: Poisonous Vapours
 13134 | D:5      | Killed Edmund
 13135 | D:5      | Reached skill level 1 in Hexes
 13729 | D:7      | Noticed a hornet
 13732 | D:7      | Paralysed by a hornet for 3 turns
 13733 | D:7      | Slain by a hornet

Illustrated notes

Levels and vault maps discovered:
D:1:      minmay_arrival_up_and_down, layout_rooms, minmay_shallow_snake_nest
D:2:      layout_loops_cross, shapermc_ecumenical_altar_venn, basic_altar
D:3:      layout_loops_ring, doesnt_xom_only_xom, grunt_ministairs_6,
          uniq_grinder
D:4:      layout_loops_cross
D:5:      layout_loops_cross, hex_large, uniq_menkaure, uniq_eustachio,
          uniq_edmund
D:6:      layout_loops_ring, hangedman_decor_lopped
D:7:      layout_loops_ring, minmay_temple_entry_trees, minmay_liquid_box,
          uniq_prince_ribbit1, uniq_pikel

Skill      XL: |  1  2  3  4  5  6  7  8 |
---------------+-------------------------+-----
Conjurations   | 3 4 5 |  5.7
Spellcasting   | 3 4 5 7 |  7.6
Dodging        | 3 4 |  4.8
Stealth        | 4 5 |  5.8
Fighting       | 1 |  1.3
Hexes          | 1 |  1.3
Air Magic      | |  0.2
Poison Magic   | |  0.5
Evocations     | |  0.5

Action                   |  1- 3 |  4- 6 |  7- 9 || total
-------------------------+-------+-------+-------++-------
Melee: Unarmed           |     3 |       |       ||     3
       Dagger            |     9 |       |       ||     9
       Short sword       |       |       |     2 ||     2
 Cast: Magic Dart        |    26 |    56 |    42 ||   124
       Searing Ray       |    13 |    32 |    23 ||    68
       Dazzling Flash    |       |     1 |     1 ||     2
       Poisonous Vapours |       |       |     7 ||     7
       Fulminant Prism   |       |       |     5 ||     5
Evoke: Wand              |       |       |     2 ||     2
 Stab: Sleeping          |     3 |       |     1 ||     4
Armor: Robe              |     1 |     3 |     1 ||     5
Dodge: Dodged            |    20 |    34 |    47 ||   101

Table legend: (Time is in decaauts)
 A = Elapsed time spent in this place.
 B = Non-inter-level travel time spent in this place.
 C = Inter-level travel time spent in this place.
 D = Time resting spent in this place.
 E = Time spent auto-exploring this place.
 F = Levels seen in this place.
 G = Mean time per level.
                   A        B        C        D        E       F      G
               +--------+--------+--------+--------+--------+-----+--------+
         Total |  12136 |  12057 |     79 |   8872 |   1664 |   7 | 1733.7 |
       Dungeon |  12136 |  12057 |     79 |   8872 |   1664 |   7 | 1733.7 |
               +--------+--------+--------+--------+--------+-----+--------+

Top non-repeatable levels by time:
     D:4: 2524 daAuts
     D:3: 2388 daAuts
     D:1: 2031 daAuts
     D:2: 1865 daAuts
     D:6: 1654 daAuts
     D:5: 1614 daAuts
     D:7: 58 daAuts
